 Dungeon Crawl Stone Soup version 0.30-a0-381-g6ea064c7b4 (webtiles) character file.

Game seed: 1401680685965501300

100 bande the Covered (level 4, -2/29 HPs)
             Began as a Gargoyle Fighter on Dec 1, 2022.
             Slain by an orc priest
             ... wielding a +0 club
              (3 damage)
             ... on level 4 of the Dungeon.
             The game lasted 00:03:41 (2292 turns).

bande the Covered (Gargoyle Fighter)                Turns: 2292, Time: 00:03:42

Health: -2/29      AC: 15    Str: 19    XL:     4   Next: 74%
Magic:  4/4        EV:  7    Int:  9    God:
Gold:   124        SH:  4    Dex: 11    Spells: 3/3 levels left

rFire   . . .      SeeInvis .    a - +1 war axe
rCold   . . .      Faith    .    c - +0 buckler
rNeg    + . .      Spirit   .    o - +0 chain mail
rPois   ∞          Reflect  .    (no helmet)
rElec   +          Harm     .    (no cloak)
rCorr   .          Rampage  .    (no gloves)
Will    .....                    i - +1 pair of boots
Stlth   ..........               (no amulet)
HPRegen 0.24/turn                (no ring)
MPRegen 0.09/turn                (no ring)

@: no status effects
A: sickness immunity, AC +3, negative energy resistance 1, electricity
resistance, torment resistance 1, petrification resistance
a: no special abilities


You were on level 4 of the Dungeon.
You visited 1 branch of the dungeon, and saw 4 of its levels.

You collected 124 gold pieces.

Inventory:

Hand Weapons
 a - a +1 war axe (weapon)
 h - a +0 war axe
 l - the +4 sling of Xalooss {vorpal, +Blink rF+ Str+6}
   (You found it on level 3 of the Dungeon)

   Any ammunition fired from it inflicts extra damage upon your enemies.
   Str:       It affects your strength (+6).
   rF:        It protects you from fire.
   +Blink:    It lets you blink.
 m - a +0 flail
Armour
 c - a +0 buckler (worn)
 i - a +1 pair of boots (worn)
 o - a +0 chain mail (worn)
Jewellery
 n - a ring of wizardry
Scrolls
 b - 2 scrolls of enchant armour
 e - 2 scrolls of enchant weapon
 p - a scroll of blinking
Potions
 d - a potion of might
 f - a potion of flight {unknown}
 g - a potion of berserk rage
 j - 5 potions of curing
 k - a potion of mutation {unknown}


   Skills:
 + Level 3.9 Fighting
 + Level 3.0 Axes
 + Level 4.1 Armour
 + Level 3.8 Shields


You had 3 spell levels left.
You didn't know any spells.
Your spell library contained the following spells:

 Spells                   Type           Power      Damage    Failure   Level
 Vhi's Electric Charge    Tloc/Air       0%         N/A       100%        3
 Arcjolt                  Conj/Air       0%         1d10      100%        5
 Maxwell's Capacitive Co  Air            0%         ∞         100%        8


Dungeon Overview and Level Annotations

Branches:
Dungeon (4/15)
 Temple: D:4-7

Altars:


Innate Abilities, Weirdness & Mutations

You are immune to sickness and miasma.
Your stone body is resilient. (AC +3)
You are immune to poison.
You resist negative energy. (rN+)
You are resistant to electric shocks. (rElec)
You are resistant to unholy torment.
You are immune to petrification.


Message History

You hit the orc priest. You closely miss the orc wizard.
The orc priest hits you but does no damage.
You block the orc wizard's attack. The orc priest closely misses you.
The orc priest hits you but does no damage. x2
The orc wizard hits you but does no damage.
You barely miss the orc priest.
The orc priest is moderately wounded.
You hit the orc priest but do no damage.
You closely miss the orc wizard.
The orc priest hits you but does no damage.
The orc priest closely misses you.
The orc wizard gestures at you while chanting.
The magic dart hits you but does no damage.
You slash the orc priest!
The orc priest is almost dead.
You closely miss the orc priest. You miss the orc wizard.
The orc priest invokes the aid of Beogh against you.
Pain shoots through your body!
The orc priest calls upon Beogh to heal the orc priest.
The orc priest is healed somewhat.
The orc wizard gestures at you while chanting.
The magic dart hits you but does no damage.
You hit the orc priest.
The orc priest is severely wounded.
You closely miss the orc wizard. You hit the orc priest.
The orc priest calls down the wrath of Beogh upon you.
Pain shoots through your body! You block the orc wizard's attack.
The orc priest hits you with a +0 dagger of venom.
The orc priest calls down the wrath of Beogh upon you.
Beogh smites you!
* * * LOW HITPOINT WARNING * * *
The orc priest calls upon Beogh to heal the orc priest.
The orc priest is healed somewhat.
The orc wizard hits you but does no damage.
You hit the orc priest.
The orc priest is almost dead.
You barely miss the orc priest.
You hit the orc wizard but do no damage.
The orc priest hits you with a +0 club.
You die...

####### .......
..... #####
#.o######...##
#.o@.........#
#.o######....###
$....
#.........#
.......
#.........#
#######
#.........#
####...####
#...# #...#
##.#######


You could see 2 orc priests and an orc wizard.

Vanquished Creatures
  2 adders (D:3)
  3 worms
  4 dart slugs
  4 orcs (D:3)
  4 ball pythons
  11 bats
  4 endoplasms
  3 giant cockroaches
  3 goblins
  6 hobgoblins
  4 kobolds
  3 quokkas
  A frilled lizard (D:1)
  6 rats
58 creatures vanquished.

Notes
Turn   | Place    | Note
-------+----------+-------------------------------------------
     0 | D:1      | bande the Gargoyle Fighter began the quest for the Orb.
     0 | D:1      | Reached XP level 1. HP: 14/14 MP: 1/1
   307 | D:1      | Reached XP level 2. HP: 19/19 MP: 2/2
   563 | D:1      | Reached XP level 3. HP: 20/24 MP: 3/3
  1636 | D:3      | Identified the +4 sling of Xalooss {vorpal, +Blink rF+
                  | Str+6}
  1667 | D:3      | Reached XP level 4. HP: 29/29 MP: 4/4
  1742 | D:3      | Reached skill level 4 in Armour
  2291 | D:4      | HP: 1/29 [orc priest/divine providence (11)]
  2292 | D:4      | Slain by an orc priest

Illustrated notes

Levels and vault maps discovered:
D:1:      dpeg_arrival_arbitrary_c, layout_loops_cross,
          kennysheep_pointless_box, minmay_misc_feat_more_columns, st_stairs_14,
          hangedman_decor_opposing, minmay_pentomino_t2
D:2:      layout_loops_ring, chequers_serial_rivers_large_a
D:3:      layout_rooms, hex_medium
D:4:      layout_loops_cross, minmay_temple_entry_hall, kennysheep_potato,
          uniq_robin

Skill      XL: |  1  2  3  4 |
---------------+-------------+-----
Axes           | 2 3 |  3.0
Armour         | 4 |  4.1
Fighting       | |  3.9
Shields        | |  3.8

Action                   |  1- 3 |  4- 6 || total
-------------------------+-------+-------++-------
Melee: War axe           |   108 |    65 ||   173
  Use: Scroll            |     6 |     5 ||    11
Armor: Scale mail        |    54 |    24 ||    78
       Chain mail        |       |    27 ||    27
Dodge: Dodged            |    67 |    23 ||    90
Block: Buckler           |    21 |    17 ||    38

Table legend: (Time is in decaauts)
 A = Elapsed time spent in this place.
 B = Non-inter-level travel time spent in this place.
 C = Inter-level travel time spent in this place.
 D = Time resting spent in this place.
 E = Time spent auto-exploring this place.
 F = Levels seen in this place.
 G = Mean time per level.
                   A        B        C        D        E       F      G
               +--------+--------+--------+--------+--------+-----+--------+
         Total |   2378 |   2256 |    122 |      0 |   1740 |   4 |  594.5 |
       Dungeon |   2378 |   2256 |    122 |      0 |   1740 |   4 |  594.5 |
               +--------+--------+--------+--------+--------+-----+--------+

Top non-repeatable levels by time:
     D:1: 886 daAuts
     D:2: 786 daAuts
     D:3: 656 daAuts
     D:4: 49 daAuts
